Cogmind - Beta 17.1 @@@ ROGUE MODE // 2026.09.25 @ 04:51:28 Player: Somberlain Result: Destroyed by G-47 Trooper with Particle Gun Performance ------------- Evolutions (0) 0 Regions Visited (2) 400 Robots Destroyed (17) 85 Value Destroyed (318) 318 Prototype IDs (0) 0 Alien Tech Used (0) 0 Bonus (0) 0 TOTAL SCORE: 803 Bonus ------- None Cogmind --------- Core Integrity 0/250 Matter 275/300 Energy 125/125 System Corruption 0% Temperature Cool (9) Movement Walking (125) Location -10/Mines Parts ------- > --- POWER (1) -------- Light Ion Engine > --- PROPULSION (2) --- Aluminum Leg Titanium Leg > --- UTILITY (2) ------ Small Storage Unit Reaction Control System > --- WEAPON (2) ------- (None) > --- INVENTORY (8) ---- Nuclear Core Heat Sink System Shield Small Laser Field Laser Peak State ------------ > --- POWER ------------ Light Ion Engine > --- PROPULSION ------- Aluminum Leg Titanium Leg > --- UTILITY ---------- Small Storage Unit Reaction Control System > --- WEAPON ----------- Medium Laser > --- INVENTORY -------- Nuclear Core Heat Sink System Shield Small Laser Field Laser [Rating: 11] Favorites ----------- Power Light Ion Engine Engine Light Ion Engine Propulsion Wheel Leg Aluminum Leg Wheel Wheel Utility Small Storage Unit Device Heat Sink Storage Small Storage Unit Weapon Medium Laser Energy Gun Medium Laser Ballistic Gun Assault Rifle Build | -11 -10 -10 ------- Run | Yrd Mat Min Slots Evolved . | . . . Power . | . . . Propulsion . | . . . Utility . | . . . Weapon . | . . . Parts Attached 14 | 6 5 3 Power 2 | 1 1 . Engine 2 | 1 1 . Core . | . . . Reactor . | . . . Propulsion 5 | 2 1 2 Treads . | . . . Leg 2 | . . 2 Wheel 3 | 2 1 . Hover . | . . . Flight . | . . . Utility 3 | 1 1 1 Device 2 | . 1 1 Storage 1 | 1 . . Processor . | . . . Hackware . | . . . Protection . | . . . Artifact . | . . . Weapon 4 | 2 2 . Energy Gun 3 | 1 2 . Energy Cannon . | . . . Ballistic Gun 1 | 1 . . Ballistic Cannon . | . . . Launcher . | . . . Special Weapon . | . . . Impact Weapon . | . . . Slashing Weapon . | . . . Piercing Weapon . | . . . Special Melee Weapon . | . . . Unidentified Prototypes . | . . . Parts Lost 6 | . 2 4 Power 1 | . 1 . Propulsion 3 | . 1 2 Utility . | . . . Weapon 2 | . . 2 Highest Loss Streak 4 | . 1 4 To Critical Strikes . | . . . Average Backups 1 | . . 3 Power . | . . . Propulsion . | . . 1 Utility . | . . . Weapon . | . . 1 Tool/Special . | . . . Unused Backups 3 | . . 3 Power 1 | . . 1 Propulsion . | . . . Utility 1 | . . 1 Weapon 1 | . . 1 Tool/Special . | . . . Average Slot Usage (%) 74 | . 65 95 Engine 5 | . 2 14 Leg 1 | . . 4 Wheel 20 | . 18 23 Device 5 | . 1 14 Storage 14 | . 14 14 Energy Gun 25 | . 25 23 Ballistic Gun 1 | . 2 . Peak Build Rating 11 | 6 8 11 Average Rating 5 | 4 5 8 On Entrance 4 | . 6 8 Avg Prop Armor Cover (%) . | . . . Naked Turns . | . . . Heaviest Build 14 | 12 14 14 Greatest Support 27 | 20 20 27 Greatest Overweight (x) 1 | . 1 . Average Overweight (x) . | . . . Largest Inventory Capacity 8 | 8 8 8 Average Capacity 7 | 7 8 8 Most Carried 7 | . 2 7 Average Carried 1 | . . 4 Final Capacity 8 | 8 8 8 Final Carried 5 | . 2 5 Class Distribution -------------------- 78% | Mutant 21% | Scavenger-Mutant Dominant Class ---------------- Mutant | -10/Materials Scavenger-Mutant | -10/Mines Resources | -11 -10 -10 ----------- Run | Yrd Mat Min Matter Collected 332 | 208 124 . Remotely . | . . . Salvage Created 616 | . 616 . Parts 29 | . 29 . Haulers Intercepted . | . . . Recyclers Shooed 3 | . 3 . Parts Field Recycled . | . . . Retrieved Matter . | . . . Parts Self-Destructed . | . . . Prevented . | . . . Parts Restored . | . . . Kills | -11 -10 -10 ------- Run | Yrd Mat Min Combat Hostiles Destroyed 11 | . 11 . Guns 10 | . 10 . Classes Destroyed 6 | . 6 . Worker 1 | . 1 . Recycler 3 | . 3 . Operator 1 | . 1 . Watcher 1 | . 1 . Swarmer 5 | . 5 . Grunt 6 | . 6 . Best Kill Streak 5 | . 5 . Combat Bots Only 4 | . 4 . Max Kills in Single Turn 1 | . 1 . Gunslinging . | . . . Exploded . | . . . Melee . | . . . Uniques/NPCs Destroyed . | . . . Combat | -11 -10 -10 -------- Run | Yrd Mat Min Hostile Shots Fired 121 | . 65 56 Missed 43 | . 20 23 Hits 78 | . 45 33 Projectile 78 | . 45 33 Damage Taken 852 | . 442 410 Core 252 | . 160 92 Absorbed by Shields . | . . . Core Remaining (%) 100 | 100 . . Volleys Fired 52 | . 52 . Largest 2 | . 2 . Hottest 115 | . 115 . Shots Fired 104 | . 104 . Gun 104 | . 104 . Cannon . | . . . Launcher . | . . . Special . | . . . Kinetic 14 | . 14 . Thermal 90 | . 90 . Explosive . | . . . Electromagnetic . | . . . Robot Hit Streak 16 | . 16 . Robot Miss Streak 5 | . 5 . Penetration Max . | . . . Secondary Targets 3 | . 3 . Max Gunslinging Chain 1 | . 1 . Shots Hit Robots 67 | . 67 . Core Hits 26 | . 26 . Critical Kills . | . . . Critical Parts Destroyed . | . . . Critical Strikes 6 | . 6 . Burn 6 | . 6 . Melee Attacks . | . . . Impact . | . . . Slashing . | . . . Piercing . | . . . Sneak Attacks . | . . . Combat Hostiles . | . . . Follow-up Attacks . | . . . Damage Inflicted 895 | . 895 . Guns 895 | . 895 . Cannons . | . . . Explosions . | . . . Melee . | . . . Ramming . | . . . Kinetic 102 | . 102 . Thermal 793 | . 793 . Explosive . | . . . Electromagnetic . | . . . Impact . | . . . Slashing . | . . . Piercing . | . . . Highest Corruption . | . . . Average Corruption . | . . . Corruption Purged . | . . . Corruption Blocked . | . . . Overload Shots . | . . . Overflow Damage . | . . . Projectiles . | . . . Explosions . | . . . Melee . | . . . Knockbacks . | . . . Impact . | . . . Kinetic . | . . . Secondary . | . . . Self-Inflicted Damage . | . . . Shots . | . . . Rammed . | . . . Targets Rammed . | . . . Kicked . | . . . Crushed . | . . . Highest Temperature 347 | . 347 1 Average Temperature 105 | . 105 1 Received Heat Transfer 384 | . 156 228 Siege Activations . | . . . Martial Activations . | . . . Shielding Activations . | . . . Robots Disrupted . | . . . Combat Hostiles . | . . . Robots Corrupted . | . . . Combat Hostiles . | . . . Parts Fried . | . . . Impact Corruptions . | . . . Robots Melted 1 | . 1 . Combat Hostiles 1 | . 1 . Parts Melted 3 | . 3 . Heat Transferred 2570 | . 2570 . Parts Sabotaged . | . . . Parts Stolen . | . . . Parts Stripped . | . . . Power Chain Reactions . | . . . Alert | -11 -10 -10 ------- Run | Yrd Mat Min Maximum Alert Level . | . . . Low Security (%) 100 | 100 100 100 Level 1 . | . . . Level 2 . | . . . Level 3 . | . . . Level 4 . | . . . Level 5 . | . . . High Security . | . . . Max Security . | . . . Peak Influence 126 | . 126 36 Initial 36 | . . 36 Average 63 | . 90 13 Influence Increases 350 | . 305 45 Destroy 0b10 Robot/C 220 | . 220 . Destroy 0b10 Robot/NC 30 | . 30 . Destroy Leader 32 | . 32 . Successful Hack 22 | . 22 . Destroy Structure 1 | . 1 . Lose Combat Pursuer 45 | . . 45 Influence Decreases 350 | . 210 140 Entered New Map 59 | . . 59 Time Decay 236 | . 190 46 Lost Part 55 | . 20 35 Squads Dispatched 2 | . 1 1 Investigation 1 | . . 1 Extermination . | . . . Reinforcement 1 | . 1 . Assault . | . . . Garrison . | . . . Intercept . | . . . Searches Triggered . | . . . Construction Impeded . | . . . Haulers Reinforced . | . . . Active Scanning Responses . | . . . Cargo Convoy Interrupts . | . . . Stealth | -11 -10 -10 --------- Run | Yrd Mat Min Distress Signals 1 | . 1 . Communications Jammed . | . . . Distress Signals . | . . . Times Spotted 37 | . 20 17 Peak Tracking Total 7 | . 5 7 Tactical Retreats 1 | . . 1 Traps | -11 -10 -10 ------- Run | Yrd Mat Min Traps Triggered . | . . . Indirectly . | . . . Trap Hack Attempts . | . . . Triggered . | . . . Disarmed . | . . . Reprogrammed . | . . . Reused . | . . . Traps Extracted . | . . . Installed . | . . . Triggered . | . . . Machines | -11 -10 -10 ---------- Run | Yrd Mat Min Machines Disabled . | . . . Max in Single Turn . | . . . Machines Repaired . | . . . Machines Dismantled . | . . . Machines Sabotaged . | . . . Overloaded Fab Kills . | . . . Hacking | -11 -10 -10 --------- Run | Yrd Mat Min Machines Accessed 5 | . 4 1 Terminals 4 | . 4 . Fabricators . | . . . Repair Stations . | . . . Recycling Units . | . . . Scanalyzers . | . . . Garrison Access . | . . . Total Hacks 13 | . 12 1 Successful 10 | . 9 1 Failed 3 | . 3 . Catastrophic . | . . . Database Lockouts . | . . . Manual 11 | . 11 . Terminals 12 | . 12 . Fabricators . | . . . Repair Stations . | . . . Recycling Units . | . . . Scanalyzers . | . . . Garrison Access . | . . . Terminal Hacks 5 | . 4 1 Record 1 | . 1 . Robot Analysis 2 | . 2 . Open Door 1 | . . 1 Terminal Index 1 | . 1 . Fabricator Hacks . | . . . Repair Station Hacks . | . . . Recycling Unit Hacks . | . . . Scanalyzer . | . . . Garrison Access Hacks . | . . . Unauthorized Hacks 5 | . 5 . Terminals 5 | . 5 . Assimilate 2 | . 2 . Botnet 2 | . 2 . Operators 1 | . 1 . Fabricators . | . . . Repair Stations . | . . . Recycling Units . | . . . Scanalyzers . | . . . Garrison Access . | . . . Data Cores Recovered . | . . . Used . | . . . Hacking Detections 4 | . 4 . Full Trace Events . | . . . Feedback Events . | . . . Feedback Blocked . | . . . Robot Schematics Acquired . | . . . Robots Built . | . . . Authchips . | . . . Time . | . . . Total Robot Build Rating . | . . . Part Schematics Acquired . | . . . Parts Built . | . . . Authchips . | . . . Time . | . . . Total Part Build Rating . | . . . Part Studies Acquired . | . . . Parts Repaired . | . . . Time . | . . . Parts Recycled . | . . . Recycled Matter . | . . . Retrieved Matter . | . . . Retrieved Components . | . . . Parts Scanalyzed . | . . . Part Schematics Acquired . | . . . Parts Damaged . | . . . Bothacking | -11 -10 -10 ------------ Run | Yrd Mat Min Used RIF Installer . | . . . Robots Hacked . | . . . Non-combat . | . . . Combat . | . . . Robot Hacks Applied . | . . . Relay Couplers Released . | . . . Fabnet Peak Effective % . | . . . Robots Rewired . | . . . Allies Hacked . | . . . Hacks Repelled . | . . . Allies | -11 -10 -10 -------- Run | Yrd Mat Min Total Allies 1 | . 1 . Largest Group 1 | . 1 1 Highest-Rated Group 10 | . 10 10 Highest-Rated Ally 10 | . 10 10 Total Orders . | . . . Ally Attacks . | . . . Total Damage . | . . . Kills . | . . . Allies Corrupted . | . . . Allies Melted . | . . . Intel | -11 -10 -10 ------- Run | Yrd Mat Min Active Infowar (turns) . | . . . Robot Analysis Total 2 | . 2 . Derelict Logs Recovered . | . . . Drone Launches . | . . . Drone Recoveries . | . . . Exploration | -11 -10 -10 ------------- Run | Yrd Mat Min Turns Passed 580 | 39 386 155 Spaces Moved 422 | 38 219 165 Core 2 | 2 . . Treads . | . . . Legs 17 | . . 17 Wheels 403 | 36 219 148 Hover . | . . . Flight . | . . . Fastest Speed 50 | 50 80 80 Average Speed 82 | 78 81 84 Slowest Speed 125 | 80 95 125 Overloaded Moves . | . . . Propulsion Burnouts . | . . . Robots Hopped . | . . . Potential Cave-ins . | . . . Cave-ins Triggered . | . . . Exploration Rate (%) 28 | 3 41 41 Regions Visited 2 Branch Regions 1 Pre-discovered Areas . | . . . Known Exits Taken . | . . . Unknown Exits Taken 2 | 1 1 . Scrap Searched . | . . . Spaces Dug . | . . . Terrain Destroyed . | . . . Melee . | . . . Projectile . | . . . AOE . | . . . Terrain Rammed . | . . . Walls Destroyed . | . . . Machines Disabled . | . . . Actions | -11 -10 -10 --------- Run | Yrd Mat Min Total 543 | 43 320 180 Wait 49 | . 42 7 Move 420 | 37 218 165 Hop . | . . . Pick Up 7 | . 2 5 Fast Attach 10 | 6 4 . Attach 2 | . . 2 Detach . | . . . Swap 2 | . 1 1 Drop 1 | . 1 . Fire 52 | . 52 . Melee . | . . . Ram . | . . . Kick . | . . . Crush . | . . . Escape Stasis . | . . . Rewire . | . . . Trap . | . . . Miscellaneous . | . . . Route ------- -11/Scrapyard -10/Materials (discovered 3 exits: [*Mat] / *Min x2) -10/Mines History --------- Turn | Location | Event 30 | -11/Scrapyard | Discovered new exit (range 13) 40 | -11/Scrapyard | Entered Materials 120 | -10/Materials | Discovered new exit (range 13) 123 | -10/Materials | Discovered new exit (range 8) 263 | -10/Materials | Discovered new exit (range 16) 317 | -10/Materials | Build established: Mutant 345 | -10/Materials | Core integrity fell below 50% 426 | -10/Materials | Entered Mines 426 | -10/Mines | Accompanied by 1 ally 477 | -10/Mines | Met a Derelict bent on vengeance 492 | -10/Mines | Met a Derelict shopkeep closing up shop 493 | -10/Mines | Assembled infested the area 498 | -10/Mines | Assisted by a Guerilla fighting off Assembled 563 | -10/Mines | Lost 3 allies 565 | -10/Mines | Core integrity fell below 20% 581 | -10/Mines | Destroyed by G-47 Trooper with Particle Gun Last Messages --------------- 00506_ Acquired System Shield. 00508_ Acquired Reaction Control System. 00510_ as-33648 suffers critical hit (Burn). 00510_ as-33648 destroyed. 00510_ Acquired Nuclear Core. 00512_ Acquired Titanium Leg. 00512_ DM-PAP(h) destroyed. 00514_ as-26964 destroyed. 00514_ U-05 Engineer lays Concrete. 00514_ as-25839 destroyed. 00514_ NS-LJS(g) destroyed. 00515_ U-05 Engineer lays Concrete. 00516_ as-72628 destroyed. 00517_ U-05 Engineer lays Concrete. 00517_ D-53 Grenadier destroyed. 00518_ U-05 Engineer lays Concrete. 00532_ Technician 1a destroyed. 00553_ Particle Gun destroyed. 00556_ Wheel destroyed. 00560_ Med. Laser destroyed. Map ----- +----------------------------------------------------+ | ????+ ##?????????????????# #?## ### ##???? | | ????# ###???????????????# #?### ### ##??? | | ????# ##??????????????# #?# X ##?? | | ????### #?????????????## ### ##? | | ??????## #?####????????# "%" *%! #? | | ???????### #### ##???????# " =* !%= ##? | | ?????????# ##?# #???????# ### !%% #?? | | ?????????# #### #?????### #?# % ?? | | ?????????# #?????# #?# % ?? | | ?????????# ##????# #?# ! | | ?????????###### ###??# ####?# #### %= | | ??????????????# #### #????###??# * | | ??????????????# #?????????## | | ??????????????# ### #??????????## # #?? | | ??????????????## ##?# #???????????#####????! | | ???????????????# ##??# ##??????????????????# ? | | ???????????????# ##??## ##??????####??????# ? | | ??????????????# #???# ##????## ##???##= ? | | ??????????????# ##???# ##??## #???# % ?? | | ??????????????######????## #### #??? | ?? | | ?????????????????????????### ! #??? ?? | | ????????????###########????### =% ## #???# #?? | | ????????????? #?????## #### #???# #?? | | ???????????????? #?????#####?## ##??# #?? | | ????????????????????# ############ ##?# #?? | | ????????????????????# @ gg ### #?? | | ????????????????????# #### t ggg ##? | | ????????????????????# #???# ######## ## | | ??????????????????# ????# #??????# # | | ??????????????????# ###????? ??????## # | | ??????????????????#????????# ???????### ## | | ???????????????????????????# ""?????????## ## | | ???????????????????????????? ""??????????## # | | ???????????????????????????# """??????????#### | | ???????????????????????????# ?????????????## | | ???????????????????????????# ""???????????????# "" | | ???????????????????????????# ????????????????# "" | | ???????????????????????????# ???????????????# "" | | ???????????????????????????# ???????????????# | | ???????????????????????????????????????????# | | ???????????????????????????????????????????# | | ???????????????????????????????????????????## | | ????????????????????????????????????????????## | | ?????????????????????????????????????????????##### | | ?????????????????????????????????????????????????? | | ?????????????????????????????????????????????????? | | ?????????????????????????????????????????????????? | | ?????????????????????????????????????????????????? | | ?????????????????????????????????????????????????? | | ?????????????????????????????????????????????????? | +----------------------------------------------------+ Best States ------------- Heat Dissipation 35 Energy Generation 10 Energy Capacity 125 Matter Stores 300 Matter Capacity 300 Sight Range 16 Terrain Scan Density 10 Evasion (%) 63 Item Schematics ----------------- None Robot Schematics ------------------ None Fabricated ------------ Nothing Repaired ---------- Nothing Studied --------- None Alien Tech Used ----------------- None Achievements -------------- None Challenges ------------ None Game ------ Seed HeavyTitaniumArachnoskeleton Manual? 0 Play Time 00:06:59 Cumulative 163.3 hours Start 2026.09.25 @ 04:46:00 End 2026.09.25 @ 04:51:28 Sessions 1 Manual Loads 0 Difficulty Rogue Special Mode None Game No. 182 Rogue 182 Adventurer 0 Explorer 0 Win Type - Total 0 Types 0/0/0/0/0/0/0/0/0/0 Lore% 59 Gallery% 61 Achievement% 47 Wizard Run 0 Options --------- Layout 1 ASCII 0 Keyboard 0 Movement Mouse Keybinds 0 Fullscreen 2 Font 24/Smallcaps Map View 50x35 Zoom Use 0% Tactical HUD 1 Map Filters NONE Filters NONE Steam 1 RUN: 216a1fa9-f274-4e4c-8df7-8f8731e74d70